 Dungeon Crawl Stone Soup version 0.31-a0-233-g139696dc86 (webtiles) character file.

Game seed: 5673994819666949090

224 qw the Shooter (level 5, -8/46 HPs)
             Began as a Minotaur Hexslinger on July 7, 2023.
             Killed by nerve-wracking pain
             ... invoked by an orc priest
              (10 damage)
             ... on level 3 of the Dungeon.
             The game lasted 00:01:15 (2648 turns).

qw the Shooter (Minotaur Hexslinger)                Turns: 2648, Time: 00:01:16

Health: -8/46      AC:  5    Str: 13    XL:     5   Next: 67%
Magic:  0/5        EV: 11    Int: 10    God:
Gold:   278        SH:  0    Dex: 14    Spells: 5/6 levels left

rFire   . . .        Y - +1 sling
rCold   . . .        (no shield)
rNeg    . . .        i - +0 ring mail
rPois   .            (helmet restricted)
rElec   .            (no cloak)
rCorr   .            (no gloves)
SInv    .            (no boots)
Will    .....        g - amulet of guardian spirit
Stlth   +            (no ring)
HPRegen 0.27/turn    (no ring)
MPRegen 0.09/turn

%: guardian spirit
@: no status effects
A: horns 2, retaliatory headbutt
a: no special abilities


You were on level 3 of the Dungeon.
You visited 1 branch of the dungeon, and saw 4 of its levels.

You collected 278 gold pieces.


Innate Abilities, Weirdness & Mutations

You have a pair of horns on your head.
You reflexively headbutt those who attack you in melee.


   Skills:
 - Level 3.7 Fighting
 + Level 5.5 Ranged Weapons
 - Level 1.0 Armour
 - Level 2.1 Dodging
 - Level 1.0 Spellcasting
 - Level 2.0 Hexes


You had 5 spell levels left.
You knew the following spells:

 Your Spells              Type           Power      Damage    Failure   Level
a - Slow                  Hex            16%        N/A       32%         1

Your spell library contained the following spells:

 Spells                   Type           Power      Damage    Failure   Level
 Inner Flame              Hex/Fire       2%         N/A       82%         3
 Portal Projectile        Hex/Tloc       4%         N/A       82%         3
 Cause Fear               Hex            2%         N/A       97%         4

Inventory:

Hand Weapons
 Y - a +1 sling (weapon)
Armour
 i - a +0 ring mail (worn)
Jewellery
 g - an amulet of guardian spirit (around neck)
Scrolls
 a - a scroll of identify
Potions
 d - a potion of curing {unknown}
 h - a potion of enlightenment
 l - a potion of mutation {unknown}

Dungeon Overview and Level Annotations

Branches:
Dungeon (4/15)
 Temple: D:4-7

Altars:
Nemelex Xobeh
Vehumet
Yredelemnul


Message History

The orc wizard is almost dead.
The orc priest hits you with a +0 club. The orc wizard barely misses you.
You shoot a sling bullet. The sling bullet hits the orc wizard.
You kill the orc wizard!
The orc priest mumbles some strange prayers to Beogh against you.
Beogh smites you!
You shoot a sling bullet.
The sling bullet barely misses the orc priest.
The orc priest hits you but does no damage.
You shoot a sling bullet.
The sling bullet hits the orc priest but does no damage.
The orc priest hits you but does no damage.
The orc priest barely misses you.
You shoot a sling bullet. The sling bullet hits the orc priest.
The orc priest is lightly wounded.
The orc priest hits you with a +0 club.
You shoot a sling bullet.
The sling bullet barely misses the orc priest.
The orc priest completely misses you.
You shoot a sling bullet.
The sling bullet barely misses the orc priest.
The orc priest looks braver for a moment.
You shoot a sling bullet. The sling bullet hits the orc priest!
The orc priest is severely wounded.
The orc priest closely misses you.
You shoot a sling bullet.
The sling bullet barely misses the orc priest.
The orc priest looks satisfied for a moment.
The orc priest barely misses you.
You shoot a sling bullet.
The sling bullet closely misses the orc priest.
The orc priest hits you with a +0 club.
You shoot a sling bullet. The sling bullet hits the orc priest.
The orc priest is almost dead.
The orc priest hits you with a +0 club.
You shoot a sling bullet.
The sling bullet barely misses the orc priest.
The orc priest invokes the aid of Beogh against you.
Pain shoots through your body!
You die...

¤¤¤¤.#.#..<#.........#.#
¤¤¤¤.#.#.#.#.#######.#.#
¤¤¤¤.#.#.#.#.#[).# #.#.#
####.#.#.###.#.#.# #.#.#
#.#.#.......#.# #.#.#
#.#.#####.###.# #.#.#
#.#.........#.###.#.#
####.#######.#.#.o...#.#
...[...........)@#####.#
####.##.###..#.### #.#
####..#........# #.#
......###..#.#########.#
.....<...........)..##.#
#####.###.##.######.##.#
...........#.# #.##.#
###.#.##.#.#.# #.##.#
#.#.(....#.### #.##.#


You could see an orc priest.

Vanquished Creatures
  A scorpion (D:4)
  An orc wizard (D:3)
  5 adders
  A worm (D:3)
  A dart slug (D:1)
  4 orcs
  6 endoplasms
  2 giant cockroaches
  6 goblins
  6 hobgoblins
  17 jackals
  4 kobolds
  5 quokkas
  9 ball pythons
  3 frilled lizards
  10 rats
81 creatures vanquished.

Notes
Turn   | Place    | Note
-------+----------+-------------------------------------------
     0 | D:1      | qw the Minotaur Hexslinger began the quest for the Orb.
     0 | D:1      | Reached XP level 1. HP: 16/16 MP: 1/1
     0 | D:1      | 0 ||| qw: Version: 0.3-a-46-gb1f654a
     0 | D:1      | 0 ||| qw: Game counter: 3065
     0 | D:1      | 0 ||| qw: Melee chars always use a shield: true
     0 | D:1      | 0 ||| qw: God list: Okawaru
     0 | D:1      | 0 ||| qw: Allow faded altars: false
     0 | D:1      | 0 ||| qw: Do Orc after clearing Dungeon:15 true
     0 | D:1      | 0 ||| qw: Do second Lair branch before Depths: true
     0 | D:1      | 0 ||| qw: Lair rune preference: random
     0 | D:1      | 0 ||| qw: Goals: Normal
     0 | D:1      | 0 ||| PLANNING D:1-11
    61 | D:1      | 61 ||| FLEEEEING.
    62 | D:1      | 62 ||| FLEEEEING.
    63 | D:1      | 63 ||| FLEEEEING.
   133 | D:1      | Reached skill level 3 in Ranged Weapons
   133 | D:1      | Reached XP level 2. HP: 23/23 MP: 2/2
   150 | D:1      | 150 ||| Stepping ~*~*~tactically~*~*~ (outnumbered).
   216 | D:1      | HP: 4/24 [kobold/+0 short sword (4)]
   384 | D:1      | Reached XP level 3. HP: 22/29 MP: 3/3
   534 | D:1      | 534 ||| UPGRADING to +0 leather armour.
   544 | D:1      | 544 ||| DROPPING +0 robe.
   545 | D:1      | 545 ||| UPGRADING to amulet of guardian spirit.
   550 | D:1      | 550 ||| READING 2 scrolls labelled BIRERADWIER.
   551 | D:1      | 551 ||| DROPPING scroll of poison.
   640 | D:2      | 640 ||| Stepping ~*~*~tactically~*~*~ (outnumbered).
   643 | D:2      | Reached skill level 4 in Ranged Weapons
   855 | D:2      | Reached XP level 4. HP: 36/36 MP: 4/4
  1053 | D:2      | 1053 ||| UPGRADING to +0 ring mail.
  1063 | D:2      | 1063 ||| DROPPING +0 leather armour.
  1064 | D:2      | 1064 ||| READING scroll labelled WYT HEYN VYIW.
  1065 | D:2      | 1065 ||| READING scroll labelled LOKA ANIYSO.
  1166 | D:2      | 1166 ||| READING scroll labelled XINODU YMOU.
  1223 | D:2      | 1223 ||| READING scroll labelled LEF SUSTRUYSOAP.
  1224 | D:2      | 1224 ||| READING 4 scrolls of identify.
  1224 | D:2      | 1224 ||| IDENTIFYING silvery potion
  1225 | D:2      | 1225 ||| READING 3 scrolls of identify.
  1225 | D:2      | 1225 ||| IDENTIFYING sapphire potion
  1226 | D:2      | 1226 ||| READING 2 scrolls of identify.
  1226 | D:2      | 1226 ||| IDENTIFYING fuming clear potion
  1227 | D:2      | 1227 ||| DROPPING potion of brilliance.
  1228 | D:2      | 1228 ||| DROPPING potion of invisibility.
  1266 | D:3      | Reached skill level 1 in Armour
  1467 | D:3      | Found a faded altar of an unknown god.
  1701 | D:3      | Reached skill level 5 in Ranged Weapons
  1831 | D:3      | Found a basalt altar of Yredelemnul.
  1985 | D:3      | Found a sparkling altar of Nemelex Xobeh.
  2091 | D:3      | 2091 ||| READING scroll labelled FIEPIYD XUOFIONI.
  2092 | D:3      | 2092 ||| READING 2 scrolls labelled FEMY QAUTIWA.
  2117 | D:4      | Noticed a scorpion
  2128 | D:4      | Killed a scorpion
  2129 | D:4      | Reached skill level 3 in Fighting
  2129 | D:4      | Reached XP level 5. HP: 22/46 MP: 1/5
  2367 | D:4      | Found a radiant altar of Vehumet.
  2454 | D:4      | HP: 9/46 [orc priest/divine providence (13)]
  2455 | D:4      | 2455 ||| READING scroll of teleportation.
  2455 | D:4      | HP: 1/46 [orc priest/divine providence (8)]
  2515 | D:4      | 2515 ||| FLEEEEING.
  2516 | D:4      | 2516 ||| FLEEEEING.
  2517 | D:4      | 2517 ||| FLEEEEING.
  2518 | D:4      | 2518 ||| FLEEEEING.
  2521 | D:4      | 2521 ||| FLEEEEING.
  2522 | D:4      | 2522 ||| FLEEEEING.
  2523 | D:4      | 2523 ||| FLEEEEING.
  2524 | D:4      | 2524 ||| FLEEEEING.
  2525 | D:4      | 2525 ||| FLEEEEING.
  2526 | D:4      | 2526 ||| FLEEEEING.
  2527 | D:4      | 2527 ||| FLEEEEING.
  2528 | D:4      | 2528 ||| STAIRDANCE
  2633 | D:4      | 2633 ||| STAIRDANCE
  2638 | D:3      | HP: 5/46 [orc priest/divine providence (8)]
  2646 | D:3      | HP: 4/46 [orc priest/+0 club (1)]
  2648 | D:3      | Killed from afar by an orc priest

Levels and vault maps discovered:
D:1:      dpeg_arrival_arbitrary_c, layout_rooms, minmay_crystal_water
D:2:      layout_rooms, serial_bayou_pond_e, minmay_diced_spiral
D:3:      layout_basic, old_standard_altar, nemelex_dance_club_becter,
          nicolae_ecumenical_snake_handling
D:4:      minmay_wonky_spiral, layout_basic, amcnicky_altar_gilded,
          hangedman_decor_diamond_cutter

Skill      XL: |  1  2  3  4 |
---------------+-------------+-----
Ranged Weapons | 3 4 5 |  5.5
Fighting       | 2 3 |  3.7
Armour         | 1 |  1.0
Dodging        | |  2.1
Spellcasting   | |  1.0
Hexes          | |  2.0

Action                     |  1- 3 |  4- 6 || total
---------------------------+-------+-------++-------
   Fire: Sling             |   126 |   168 ||   294
    Use: Scroll            |     1 |    10 ||    11
 Armour: Robe              |     7 |       ||     7
         Leather armour    |     4 |       ||     4
         Ring mail         |       |    50 ||    50
  Dodge: Dodged            |    40 |    65 ||   105

Table legend:
 A = Non-vault XP
 B = Vault XP
 C = Vault XP percentage of total XP
 D = Non-vault monster count
 E = Vault monster count
 F = Vault count percentage of total count
                 A         B        C        D         E       F
            +---------+---------+-------+---------+---------+-------
      Total |     302 |      18 |   5.6 |      72 |       9 |  11.1
            +---------+---------+-------+---------+---------+-------
        D:1 |      42 |       0 |   0.0 |      24 |       0 |   0.0
        D:2 |      52 |       8 |  13.3 |      19 |       4 |  17.4
        D:3 |      96 |      10 |   9.4 |      20 |       5 |  20.0
        D:4 |     112 |       0 |   0.0 |       9 |       0 |   0.0
            +---------+---------+-------+---------+---------+-------
